 Dungeon Crawl Stone Soup version 0.21-a0-344-g2144152 (webtiles) character file.

2 tin111 the Magician (level 1, -1/17 HPs)
             Began as a Gnoll Wanderer on Oct 4, 2017.
             Slain by a jackal (2 damage)
             ... on level 1 of the Dungeon.
             The game lasted 00:01:28 (3190 turns).

tin111 the Magician (Gnoll Wanderer)                Turns: 3190, Time: 00:01:28

Health: -1/17      AC:  2    Str: 12    XL:     1   Next: 40%
Magic:  6/6        EV: 11    Int: 14    God:
Gold:   0          SH:  0    Dex: 16    Spells: 9/9 levels left

rFire    . . .     SeeInvis .   a - +2 dagger
rCold    . . .     Gourm    .   (no shield)
rNeg     . . .     Faith    .   e - +0 robe
rPois    .         Spirit   .   (no helmet)
rElec    .         Reflect  .   (no cloak)
rCorr    .         Harm     .   (no gloves)
MR       .....                  (no boots)
Stlth    ++........             (no amulet)
HPRegen  0.05/turn              (no ring)
MPRegen  0.10/turn              (no ring)

@: starving
A: distributed training, fangs 1, strong nose
a: no special abilities


You were on level 1 of the Dungeon.
You were starving.

You visited 1 branch of the dungeon, and saw 1 of its levels.

Inventory:

Hand Weapons
 a - a +2 dagger (weapon)
 d - a +0 hand axe
Armour
 e - a +0 robe (worn)
Potions
 b - a potion of berserk rage
 h - a potion of flight {unknown}
Books
 c - Nemetu's Disquisition on Fire

   Spells                             Type                      Level
   a - Flame Tongue                   Conjuration/Fire             1
   b - Inner Flame                    Hexes/Fire                   3


   Skills:
 + Level 2.3 Fighting
 + Level 0.0 Short Blades
 + Level 0.0 Long Blades
 + Level 4.4 Axes
 + Level 0.0 Maces & Flails
 + Level 0.0 Polearms
 + Level 0.0 Staves
 + Level 0.0 Slings
 + Level 0.0 Bows
 + Level 0.0 Crossbows
 + Level 0.0 Throwing
 + Level 0.0 Armour
 + Level 0.0 Dodging
 + Level 2.1 Stealth
 + Level 0.0 Shields
 + Level 0.0 Unarmed Combat
 + Level 4.8 Spellcasting
 + Level 0.0 Conjurations
 + Level 0.0 Hexes
 + Level 0.0 Charms
 + Level 2.3 Summonings
 + Level 0.0 Necromancy
 + Level 0.0 Translocations
 + Level 0.0 Transmutations
 + Level 0.0 Fire Magic
 + Level 0.0 Ice Magic
 + Level 0.0 Air Magic
 + Level 4.4 Earth Magic
 + Level 0.0 Poison Magic
 + Level 0.0 Invocations
 + Level 2.3 Evocations


You had 9 spell levels left.
You didn't know any spells.

Dungeon Overview and Level Annotations

Branches:
Dungeon (1/15)

Altars:


Innate Abilities, Weirdness & Mutations

Your experience applies equally to all skills.
You have very sharp teeth.
Your uncanny sense of smell can sniff out nearby items.


Message History

The jackal bites you.
The jackal bites you but does no damage.
The jackal barely misses you.
You hit the jackal.
You kill the jackal!
The jackal bites you. The giant cockroach bites you.
* * * LOW HITPOINT WARNING * * *
The jackal bites you but does no damage.
The giant cockroach closely misses you.
The jackal bites you but does no damage.
The giant cockroach barely misses you.
You barely miss the jackal. The jackal bites you.
* * * LOW HITPOINT WARNING * * *
The giant cockroach barely misses you.
You barely miss the jackal. The jackal closely misses you.
The giant cockroach closely misses you. The jackal bites you.
* * * LOW HITPOINT WARNING * * *
You closely miss the jackal. The giant cockroach closely misses you.
The jackal bites you.
You die...

#...##.....#
#...##.....#
#...######## ##
#.#...... .
#.#.############.# #.#.#
#.....#.#
#.#.######.......# #.#
........#.### #.#
#...).....@h#
###.#.#..#####.#s.#
......#. ..#.#..##
.....#.... ..#.#..).
..##########.#.#.#### #
......... ...#...####..#
......######.#.........#
....#.............####.
#...............#.#


You could see a jackal and a giant cockroach.

Vanquished Creatures
  A jackal (D:1)
  A goblin (D:1)
  A rat (D:1)
3 creatures vanquished.

Notes
Turn   | Place    | Note
-------+----------+-------------------------------------------
     0 | D:1      | tin111 the Gnoll Wanderer began the quest for the Orb.
     0 | D:1      | tin111 set off with: a +2 dagger, a potion of berserk rage, Nemetu's Disquisition on Fire, a +0 hand axe, a +0 robe, a bread ration
     0 | D:1      | Reached XP level 1. HP: 17/17 MP: 6/6
     0 | D:1      | Identified Nemetu's Disquisition on Fire
  3190 | D:1      | Slain by a jackal

Vault maps used:
D:1:      ncdulo_watergridlock

Action                   || total
-------------------------++-------
Melee: Dagger            ||     7
  Eat: Bread ration      ||     1
Armor: Robe              ||     4
Dodge: Dodged            ||    10

Table legend:
 A = Spawn XP
 B = Non-spawn XP
 C = Spawn XP percentage of total XP
 D = Spawn monster count
 E = Non-spawn monster count
 F = Spawn count percentage of total count
 G = Total turns spent on level
                    A         B        C        D         E        F      G
               +---------+---------+-------+---------+---------+-------+---------
         Total |       0 |       4 |   0.0 |       0 |       3 |   0.0 |  3190
               +---------+---------+-------+---------+---------+-------+---------
           D:1 |       0 |       4 |   0.0 |       0 |       3 |   0.0 |  3190
               +---------+---------+-------+---------+---------+-------+---------
